General information
- name: BNet
- type: Ladder team game (AT/RT)
- host: Battle.net
- saver: GG-DEWEY-CROWE
map: Cherryville
- players: 8
- length: 50:37
- speed: Fast
- version: 1.26 W3XP
- replay type: Public
» download(255 KB)
Players
team 1 (winner)
puresociopath (
orange | 41 APM | 668 actions | 16:26)
3 Blademaster
1 Wind Walk
2 Critical Strike
1 Shadow Hunter
1 Healing Wave
1 Tauren Chieftain
1 Endurance Aura
» actions
| Assign group hotkey | 10 | |
| Build / train | 53 | |
| Enter build submenu | 21 | |
| Enter hero's abilities submenu | 5 | |
| Right click | 213 | |
| Select / deselect | 154 | |
| Select group hotkey | 162 | |
| Use ability | 50 | |
668 total
» units
» upgrades
| Armor | 1 | |
| Ranged Weapons | 1 | |
| Envenomed Spears | 1 | |
3 total
» buildings
| Orc Burrow | 11 | |
| Altar of Storms | 1 | |
| Barracks | 1 | |
| War Mill | 1 | |
| Voodoo Lounge | 2 | |
| Stronghold | 1 | |
| Great Hall | 1 | |
| Beastiary | 3 | |
| Fortress | 1 | |
22 total
» build order
00:24 Orc Burrow
00:41 Altar of Storms
00:55 Barracks
01:38 Orc Burrow
01:54 War Mill
02:13 Voodoo Lounge
04:15 Stronghold
05:01 Great Hall
05:10 Orc Burrow
05:41 Orc Burrow
06:41 Beastiary
06:44 Beastiary
08:25 Fortress
09:34 Beastiary
09:56 Orc Burrow
11:14 Voodoo Lounge
12:48 Orc Burrow
14:13 Orc Burrow
14:16 Orc Burrow
14:18 Orc Burrow
14:25 Orc Burrow
14:34 Orc Burrow
» items
| Healing Salve | 5 | |
| Scroll of Speed | 1 | |
| Scroll of Town Portal | 2 | |
| Orb of Lightning | 2 | |
10 total
GG-DEWEY-CROWE (
purple | 45 APM | 2271 actions | 50:37)
7 Pit Lord
3 Rain of Fire
3 Howl of Terror
1 Doom
1 Shadow Hunter
1 Hex
» actions
| Assign group hotkey | 67 | |
| Basic commands | 43 | |
| Build / train | 81 | |
| Enter build submenu | 22 | |
| Enter hero's abilities submenu | 9 | |
| Give item / drop item | 4 | |
| Remove unit from queue | 2 | |
| Right click | 932 | |
| Select / deselect | 323 | |
| Select group hotkey | 584 | |
| Use ability | 204 | |
2271 total
» units
| Peasant | 12 | |
| Footman | 4 | |
| Goblin Shredder | 8 | |
| Dragonhawk Rider | 1 | |
| Gryphon Rider | 4 | |
| Goblin Zeppelin | 1 | |
| Goblin Sapper | 4 | |
34 total
» upgrades
| Masonry | 3 | |
| Swords | 3 | |
| Armor | 3 | |
| Animal War Training | 1 | |
| Cloud | 1 | |
| Storm Hammers | 1 | |
| Ensnare | 1 | |
13 total
» buildings
| Altar of Kings | 1 | |
| Barracks | 1 | |
| Farm | 12 | |
| Scout Tower | 23 | |
| Lumber Mill | 1 | |
| Town Hall | 2 | |
| Arcane Vault | 1 | |
| Guard Tower | 8 | |
| Keep | 2 | |
| Arcane Tower | 1 | |
| Blacksmith | 1 | |
| Castle | 1 | |
| Gryphon Aviary | 3 | |
57 total
» build order
00:08 Altar of Kings
00:20 Barracks
00:43 Farm
00:51 Farm
01:32 Farm
01:37 Scout Tower
02:17 Lumber Mill
03:36 Town Hall
03:38 Scout Tower
03:39 Scout Tower
03:49 Arcane Vault
04:17 Guard Tower
05:35 Keep
05:35 Keep
06:14 Arcane Tower
06:30 Scout Tower
06:31 Scout Tower
06:31 Scout Tower
06:32 Scout Tower
06:33 Scout Tower
06:48 Blacksmith
06:57 Scout Tower
06:57 Scout Tower
06:59 Scout Tower
07:00 Scout Tower
07:02 Scout Tower
07:25 Guard Tower
07:33 Guard Tower
07:58 Castle
07:59 Guard Tower
08:07 Gryphon Aviary
08:07 Gryphon Aviary
08:26 Gryphon Aviary
08:48 Farm
09:32 Scout Tower
09:33 Scout Tower
09:33 Scout Tower
09:34 Scout Tower
10:05 Guard Tower
11:53 Farm
11:54 Farm
11:55 Farm
11:55 Farm
11:56 Farm
11:56 Farm
11:58 Scout Tower
11:58 Scout Tower
11:59 Scout Tower
12:00 Scout Tower
12:02 Scout Tower
12:03 Scout Tower
13:26 Guard Tower
14:05 Guard Tower
14:16 Farm
14:17 Farm
24:30 Town Hall
» items
| Scroll of Regeneration | 2 | |
| Healing Salve | 1 | |
| Potion of Mana | 1 | |
| Potion of Lesser Invulnerability | 1 | |
| Boots of Speed | 1 | |
| Staff of Teleportation | 2 | |
| Scroll of Healing | 1 | |
9 total
1349 (
green | 57 APM | 1139 actions | 19:49)
4 Shadow Hunter
2 Hex
2 Serpent Ward
3 Tauren Chieftain
1 War Stomp
2 Endurance Aura
» actions
| Assign group hotkey | 19 | |
| Build / train | 59 | |
| Enter build submenu | 24 | |
| Enter hero's abilities submenu | 7 | |
| Right click | 510 | |
| Select / deselect | 278 | |
| Select group hotkey | 147 | |
| Use ability | 95 | |
1139 total
» units
| Peon | 6 | |
| Grunt | 5 | |
| Troll Headhunter/Berserker | 10 | |
| Goblin Zeppelin | 1 | |
| Goblin Shredder | 1 | |
| Raider | 2 | |
| Troll Batrider | 4 | |
| Wind Rider | 2 | |
31 total
» upgrades
| Armor | 1 | |
| Pillage | 1 | |
| Ranged Weapons | 1 | |
| Melee Weapons | 1 | |
| Ensnare | 1 | |
| Berserker Upgrade | 1 | |
| Reinforced Defenses | 1 | |
| Spiked Barricades | 1 | |
8 total
» buildings
| Orc Burrow | 5 | |
| Barracks | 1 | |
| Altar of Storms | 1 | |
| War Mill | 1 | |
| Watch Tower | 13 | |
| Voodoo Lounge | 1 | |
| Stronghold | 1 | |
| Fortress | 2 | |
| Great Hall | 1 | |
| Beastiary | 2 | |
28 total
» build order
00:21 Orc Burrow
00:41 Barracks
01:19 Orc Burrow
01:24 Altar of Storms
01:38 War Mill
02:20 Orc Burrow
03:04 Watch Tower
03:56 Watch Tower
04:15 Voodoo Lounge
05:10 Orc Burrow
06:37 Stronghold
08:10 Watch Tower
08:10 Watch Tower
10:48 Fortress
10:54 Great Hall
11:08 Beastiary
11:12 Beastiary
11:20 Watch Tower
11:22 Watch Tower
11:26 Watch Tower
12:19 Watch Tower
13:07 Watch Tower
13:08 Watch Tower
13:16 Watch Tower
13:17 Watch Tower
13:19 Watch Tower
15:23 Orc Burrow
» items
| Healing Salve | 1 | |
| Scroll of Town Portal | 1 | |
2 total
General_Overton (
teal | 43 APM | 858 actions | 19:57)
4 Dreadlord
2 Carrion Swarm
2 Vampiric Aura
3 Death Knight
2 Unholy Aura
1 Death Coil
1 Blademaster
1 Wind Walk
1 Shadow Hunter
1 Hex
1 Tauren Chieftain
1 Shockwave
» actions
| Assign group hotkey | 29 | |
| Basic commands | 15 | |
| Build / train | 90 | |
| ESC pressed | 1 | |
| Enter build submenu | 24 | |
| Enter hero's abilities submenu | 11 | |
| Give item / drop item | 1 | |
| Remove unit from queue | 3 | |
| Right click | 257 | |
| Select / deselect | 269 | |
| Select group hotkey | 107 | |
| Use ability | 51 | |
858 total
» units
» upgrades
| Unholy Strength | 3 | |
| Unholy Armor | 3 | |
| Cannibalize | 1 | |
| Ghoul Frenzy | 1 | |
8 total
» buildings
| Altar of Darkness | 1 | |
| Crypt | 3 | |
| Ziggurat | 10 | |
| Nerubian Tower | 2 | |
| Graveyard | 2 | |
| Halls of the Dead | 1 | |
| Tomb of Relics | 1 | |
| Spirit Tower | 5 | |
| Black Citadel | 1 | |
26 total
» build order
00:16 Altar of Darkness
00:21 Crypt
00:31 Ziggurat
01:27 Nerubian Tower
01:44 Ziggurat
03:13 Graveyard
03:28 Graveyard
03:39 Ziggurat
03:40 Nerubian Tower
04:12 Halls of the Dead
05:46 Tomb of Relics
07:25 Ziggurat
07:43 Ziggurat
09:41 Crypt
09:49 Ziggurat
09:53 Spirit Tower
10:09 Ziggurat
10:11 Ziggurat
10:59 Spirit Tower
11:06 Spirit Tower
11:20 Ziggurat
11:29 Ziggurat
12:16 Spirit Tower
12:33 Black Citadel
14:42 Spirit Tower
17:47 Crypt
» items
| Rod of Necromancy | 3 | |
| Scroll of Town Portal | 1 | |
| Potion of Healing | 1 | |
5 total
team 2 (loser)
Treacherous (
pink | 36 APM | 1830 actions | 50:35)
7 Archmage
3 Summon Water Elemental
3 Brilliance Aura
1 Mass Teleport
» actions
| Assign group hotkey | 187 | |
| Basic commands | 167 | |
| Build / train | 106 | |
| Enter build submenu | 42 | |
| Enter hero's abilities submenu | 8 | |
| Give item / drop item | 2 | |
| Remove unit from queue | 5 | |
| Right click | 530 | |
| Select / deselect | 378 | |
| Select group hotkey | 243 | |
| Use ability | 162 | |
1830 total
» units
| Peasant | 11 | |
| Footman | 5 | |
| Goblin Shredder | 5 | |
| Gryphon Rider | 14 | |
| Goblin Sapper | 3 | |
38 total
» upgrades
| Masonry | 3 | |
| Animal War Training | 1 | |
| Swords | 3 | |
| Armor | 3 | |
| Storm Hammers | 1 | |
| Cloud | 1 | |
| Gunpowder | 1 | |
| Plating | 1 | |
| Lumber Harvesting | 1 | |
| Backpack | 1 | |
| Long Rifles | 1 | |
| Defend | 1 | |
18 total
» buildings
| Altar of Kings | 1 | |
| Barracks | 1 | |
| Farm | 6 | |
| Arcane Vault | 1 | |
| Keep | 1 | |
| Town Hall | 5 | |
| Lumber Mill | 1 | |
| Scout Tower | 29 | |
| Guard Tower | 10 | |
| Castle | 1 | |
| Gryphon Aviary | 4 | |
| Blacksmith | 2 | |
62 total
» build order
00:35 Altar of Kings
00:37 Barracks
00:49 Farm
00:53 Farm
01:05 Farm
01:37 Farm
02:59 Arcane Vault
03:37 Keep
04:06 Town Hall
05:18 Lumber Mill
05:39 Scout Tower
05:40 Scout Tower
05:42 Scout Tower
05:45 Scout Tower
05:48 Scout Tower
05:51 Scout Tower
06:21 Guard Tower
06:37 Guard Tower
06:39 Guard Tower
06:40 Guard Tower
07:29 Castle
07:45 Scout Tower
07:46 Scout Tower
07:46 Scout Tower
07:47 Scout Tower
07:48 Scout Tower
07:53 Scout Tower
07:54 Scout Tower
08:17 Guard Tower
08:19 Guard Tower
09:02 Guard Tower
09:38 Gryphon Aviary
09:40 Gryphon Aviary
09:41 Gryphon Aviary
09:42 Gryphon Aviary
09:46 Blacksmith
09:50 Blacksmith
10:39 Farm
17:54 Farm
22:05 Town Hall
23:55 Town Hall
24:17 Scout Tower
24:17 Scout Tower
24:18 Scout Tower
24:18 Scout Tower
24:19 Scout Tower
24:22 Scout Tower
24:24 Scout Tower
24:24 Scout Tower
24:25 Scout Tower
24:26 Scout Tower
24:26 Scout Tower
24:28 Scout Tower
24:28 Scout Tower
24:29 Scout Tower
24:29 Scout Tower
24:30 Scout Tower
24:56 Guard Tower
24:59 Guard Tower
25:37 Guard Tower
25:47 Guard Tower
25:49 Guard Tower
25:58 Guard Tower
26:01 Guard Tower
27:05 Town Hall
33:22 Town Hall
» items
| Scroll of Regeneration | 6 | |
| Mechanical Critter | 5 | |
| Scroll of Town Portal | 4 | |
| Potion of Healing | 3 | |
| Potion of Mana | 1 | |
| Lesser Clarity Potion | 1 | |
| Periapt of Vitality | 3 | |
| Staff of Teleportation | 1 | |
| Potion of Lesser Invulnerability | 1 | |
25 total
IntrnetSUCKSnow (
yellow | 79 APM | 4001 actions | 50:34)
9 Naga Sea Witch
3 Forked Lightning
3 Frost Arrows
1 Tornado
2 Mana Shield
» actions
| Assign group hotkey | 61 | |
| Basic commands | 359 | |
| Build / train | 154 | |
| ESC pressed | 3 | |
| Enter build submenu | 64 | |
| Enter hero's abilities submenu | 12 | |
| Give item / drop item | 7 | |
| Right click | 1806 | |
| Select / deselect | 376 | |
| Select group hotkey | 873 | |
| Use ability | 285 | |
4001 total
» units
| Peasant | 17 | |
| Footman | 6 | |
| Dragonhawk Rider | 5 | |
| Gryphon Rider | 7 | |
35 total
» upgrades
| Masonry | 3 | |
| Swords | 3 | |
| Armor | 3 | |
| Lumber Harvesting | 1 | |
| Animal War Training | 1 | |
| Cloud | 1 | |
| Storm Hammers | 1 | |
13 total
» buildings
| Altar of Kings | 1 | |
| Barracks | 1 | |
| Farm | 14 | |
| Arcane Vault | 1 | |
| Keep | 3 | |
| Scout Tower | 37 | |
| Town Hall | 1 | |
| Lumber Mill | 1 | |
| Castle | 3 | |
| Guard Tower | 33 | |
| Blacksmith | 2 | |
| Arcane Tower | 10 | |
| Gryphon Aviary | 4 | |
111 total
» build order
00:41 Altar of Kings
00:43 Barracks
00:52 Farm
01:08 Farm
01:35 Farm
02:10 Farm
03:18 Arcane Vault
04:36 Keep
04:36 Keep
04:36 Keep
05:04 Scout Tower
05:05 Scout Tower
05:06 Scout Tower
06:11 Town Hall
06:13 Scout Tower
06:13 Scout Tower
06:14 Scout Tower
06:15 Scout Tower
06:54 Lumber Mill
07:26 Castle
07:27 Castle
07:27 Castle
07:48 Guard Tower
07:49 Guard Tower
07:51 Guard Tower
08:09 Guard Tower
08:32 Scout Tower
08:34 Scout Tower
08:37 Scout Tower
08:45 Blacksmith
08:59 Guard Tower
09:02 Arcane Tower
09:02 Arcane Tower
09:02 Arcane Tower
09:04 Arcane Tower
09:04 Arcane Tower
09:05 Arcane Tower
10:41 Blacksmith
10:45 Scout Tower
10:47 Scout Tower
11:15 Guard Tower
11:15 Guard Tower
11:15 Guard Tower
11:21 Gryphon Aviary
11:25 Gryphon Aviary
12:11 Guard Tower
12:11 Guard Tower
13:31 Scout Tower
13:31 Scout Tower
13:32 Scout Tower
13:32 Scout Tower
13:34 Scout Tower
13:37 Scout Tower
13:38 Scout Tower
13:40 Scout Tower
14:44 Scout Tower
16:03 Farm
16:04 Farm
16:05 Guard Tower
17:18 Guard Tower
17:18 Guard Tower
17:27 Arcane Tower
17:28 Arcane Tower
17:28 Guard Tower
17:28 Guard Tower
24:29 Gryphon Aviary
24:33 Gryphon Aviary
25:30 Farm
25:37 Farm
25:42 Farm
25:43 Farm
25:45 Farm
25:47 Scout Tower
25:50 Scout Tower
27:48 Guard Tower
27:49 Guard Tower
27:56 Farm
27:57 Farm
27:58 Farm
28:02 Scout Tower
28:04 Scout Tower
28:33 Guard Tower
28:33 Guard Tower
28:34 Guard Tower
32:02 Scout Tower
32:03 Scout Tower
32:05 Scout Tower
32:09 Scout Tower
32:11 Scout Tower
32:13 Scout Tower
32:15 Scout Tower
32:16 Scout Tower
32:18 Scout Tower
32:19 Scout Tower
32:22 Scout Tower
32:29 Scout Tower
33:02 Guard Tower
33:02 Guard Tower
33:02 Guard Tower
» items
| Scroll of Regeneration | 10 | |
| Lesser Clarity Potion | 7 | |
| Boots of Speed | 1 | |
| Staff of Teleportation | 1 | |
| Periapt of Vitality | 1 | |
| Potion of Healing | 4 | |
| Potion of Mana | 3 | |
| Scroll of Town Portal | 4 | |
| Potion of Invisibility | 1 | |
| Potion of Lesser Invulnerability | 1 | |
33 total
bibiche25 (
blue | 45 APM | 2057 actions | 45:37)
4 Archmage
2 Summon Water Elemental
2 Brilliance Aura
3 Paladin
2 Holy Light
1 Devotion Aura
» actions
| Basic commands | 1 | |
| Build / train | 71 | |
| ESC pressed | 1 | |
| Enter build submenu | 21 | |
| Enter hero's abilities submenu | 7 | |
| Give item / drop item | 2 | |
| Remove unit from queue | 1 | |
| Right click | 1102 | |
| Select / deselect | 777 | |
| Use ability | 74 | |
2057 total
» units
| Peasant | 21 | |
| Rifleman | 15 | |
| Priest | 5 | |
| Mortar Team | 1 | |
42 total
» upgrades
| Gunpowder | 2 | |
| Priest Training | 2 | |
| Armor | 2 | |
| Magic Sentry | 1 | |
| Long Rifles | 1 | |
8 total
» buildings
| Farm | 9 | |
| Altar of Kings | 1 | |
| Blacksmith | 1 | |
| Barracks | 1 | |
| Scout Tower | 3 | |
| Lumber Mill | 1 | |
| Keep | 1 | |
| Guard Tower | 2 | |
| Arcane Vault | 1 | |
| Arcane Sanctum | 1 | |
| Castle | 1 | |
| Workshop | 1 | |
23 total
» build order
00:11 Farm
00:13 Altar of Kings
00:34 Blacksmith
01:01 Farm
01:40 Barracks
01:50 Farm
02:04 Farm
02:57 Scout Tower
03:00 Lumber Mill
04:20 Keep
04:25 Farm
04:27 Guard Tower
05:08 Farm
05:12 Farm
05:20 Arcane Vault
06:34 Farm
06:37 Scout Tower
07:09 Guard Tower
07:46 Arcane Sanctum
09:04 Farm
11:43 Castle
12:50 Workshop
15:10 Scout Tower
» items
| Scroll of Regeneration | 1 | |
| Lesser Clarity Potion | 1 | |
| Scroll of Town Portal | 2 | |
| Potion of Lesser Invulnerability | 1 | |
5 total

»
Dblbarrel (
red | 28 APM | 1392 actions | 50:35)
5 Archmage
3 Summon Water Elemental
2 Brilliance Aura
3 Paladin
2 Holy Light
1 Devotion Aura
3 Mountain King
2 Storm Bolt
1 Thunder Clap
» actions
| Assign group hotkey | 8 | |
| Basic commands | 260 | |
| Build / train | 96 | |
| Enter build submenu | 21 | |
| Enter hero's abilities submenu | 11 | |
| Give item / drop item | 2 | |
| Remove unit from queue | 6 | |
| Right click | 249 | |
| Select / deselect | 364 | |
| Select group hotkey | 312 | |
| Use ability | 63 | |
1392 total
» units
| Peasant | 16 | |
| Footman | 13 | |
| Goblin Shredder | 1 | |
| Knight | 6 | |
| Siege Engine | 5 | |
41 total
» upgrades
| Masonry | 3 | |
| Plating | 3 | |
| Lumber Harvesting | 2 | |
| Swords | 2 | |
| Animal War Training | 1 | |
| Gunpowder | 3 | |
| Barrage | 1 | |
15 total
» buildings
| Farm | 10 | |
| Altar of Kings | 1 | |
| Barracks | 1 | |
| Scout Tower | 1 | |
| Arcane Vault | 1 | |
| Town Hall | 4 | |
| Lumber Mill | 1 | |
| Keep | 1 | |
| Guard Tower | 1 | |
| Blacksmith | 1 | |
| Castle | 1 | |
| Workshop | 1 | |
24 total
» build order
00:21 Farm
00:28 Farm
00:38 Altar of Kings
00:55 Barracks
01:13 Farm
01:49 Scout Tower
02:11 Arcane Vault
02:22 Farm
04:05 Town Hall
05:36 Lumber Mill
05:51 Keep
06:28 Farm
07:45 Guard Tower
08:22 Blacksmith
09:59 Town Hall
11:05 Castle
13:53 Farm
13:56 Farm
14:17 Workshop
21:26 Farm
21:27 Farm
21:27 Farm
23:42 Town Hall
24:17 Town Hall
» items
| Orb of Fire | 4 | |
| Potion of Healing | 3 | |
| Scroll of Town Portal | 6 | |
| Potion of Mana | 2 | |
| Scroll of Regeneration | 1 | |
16 total
Chat log
(00:44 / Allies) General_Overton: rush ir cc?
(00:48 / Allies) GG-DEWEY-CROWE: cc
(00:54 / Allies) 1349: umm
(00:54 / Allies) General_Overton: i got melle
(00:59 / Allies) 1349: im down for an early attack. oj>
(01:09 / Allies) General_Overton: im down too
(05:21 / Allies) General_Overton: at least 3 hus
(05:26 / Allies) General_Overton: and they r expo ng
(05:33 / Allies) puresociopath: lets go
(06:02 / Allies) GG-DEWEY-CROWE: lets hit red
(06:08 / Allies) 1349: ill hit red
(06:10 / Allies) 1349: go hit pinkl
(06:48 / All) IntrnetSUCKSnow: damn creeping is hard with naga compared to am
(07:00 / Allies) General_Overton: otw oj
(07:27 / All) Treacherous: You'll regret it
(08:17 / All) IntrnetSUCKSnow: naga sucks, no wonder no one gets it in 4v4
(08:40 / All) Treacherous: teal's good
(08:47 / Allies) 1349: red sucks
(10:20 / All) IntrnetSUCKSnow: good zeppelin micro
(10:25 / All) IntrnetSUCKSnow: you lost every unit but you hero
(10:27 / All) GG-DEWEY-CROWE: leave him alone jerk!
(10:41 / All) 1349: sorry, jerking off
(10:56 / All) IntrnetSUCKSnow: you must be playing like that
(12:23 / Allies) General_Overton: damn
(12:27 / Allies) General_Overton: got reveealever
(12:30 / All) IntrnetSUCKSnow: green is so lucky I went sea witch rather than bm
(12:48 / All) 1349: k, go BM next game then
(14:22 / Allies) General_Overton: we got aa???????
(14:29 / All) IntrnetSUCKSnow: sea witch sucks big time
(14:30 / Allies) 1349: doesnt look like it
(14:35 / Allies) 1349: ill start getting bats
(14:47 / Allies) General_Overton: they got giffs
(14:53 / Allies) puresociopath: cant work with this team
(15:41 / Allies) General_Overton: otw
(15:43 / Allies) General_Overton: green
(15:44 / Allies) General_Overton: b to me
(15:49 / Allies) General_Overton: b
(16:19 / Allies) General_Overton: otw
(16:20 / Allies) puresociopath: im leaving
(16:49 / All) Treacherous: oh shit
(16:49 / Allies) General_Overton: why?
(16:51 / All) Treacherous: I forgot
(16:52 / All) Treacherous: to buy tp
(17:07 / All) IntrnetSUCKSnow: we are playing bad this game lawl]
(17:08 / Allies) General_Overton: COUNTER
(17:13 / Allies) General_Overton: WHO HAS OJJJ?????
(17:24 / Allies) 1349: ill try
(17:25 / Allies) General_Overton: IM OTW PURP
(17:27 / Allies) 1349: take out red
(17:30 / Allies) General_Overton: THANKS YPU
(17:31 / Allies) 1349: wait
(17:34 / Allies) 1349: take out blue
(17:34 / Allies) General_Overton: GET OJ
(18:09 / Allies) General_Overton: OTW
(18:10 / Allies) 1349: stop fucking around
(19:33 / Allies) 1349: wtf purple
(19:36 / Allies) 1349: you fucking blow.
(19:41 / Allies) 1349: sitting on 7k gold
(19:57 / All) IntrnetSUCKSnow: I have tornado
(20:02 / All) IntrnetSUCKSnow: the least seen ultimate in warcraft iii
(21:40 / All) IntrnetSUCKSnow: 1 damage per point of mana absorbed
(21:43 / All) IntrnetSUCKSnow: that is the worst heroa bility in the game
(21:51 / All) IntrnetSUCKSnow: FUCKING TORNADO
(21:53 / All) IntrnetSUCKSnow: LOOK AT THT SHIT
(21:59 / All) Treacherous: lol
(22:00 / All) IntrnetSUCKSnow: NEVER USED IN THE GAME
(22:03 / All) GG-DEWEY-CROWE: it sux lawl
(22:04 / All) IntrnetSUCKSnow: WOW IT SUCKS ASS
(22:18 / All) IntrnetSUCKSnow: THAT DIDN'T KILL ONE UNIT OR DO ANY DAMAGE WTF
(22:19 / All) Treacherous: worst than earthquake
(25:05 / All) IntrnetSUCKSnow: LMFAO
(25:07 / All) IntrnetSUCKSnow: RED IS CREEPING
(25:12 / All) IntrnetSUCKSnow: I HAVE TANKS AND KNIGHTS AND T3
(25:15 / All) IntrnetSUCKSnow: AND THE ENEMY TEAM ALL LEFT
(25:18 / All) IntrnetSUCKSnow: TIME TO CREEP!!!!!!
(26:43 / All) IntrnetSUCKSnow: lawl pitlord harass
(26:54 / All) IntrnetSUCKSnow: DEATH TO RED!
(26:59 / All) IntrnetSUCKSnow: DEATH TO DBLBARRELS!
(27:06 / All) GG-DEWEY-CROWE: DLB BARRELS #1
(27:09 / All) Treacherous: MAY HE ROT IN HELL
(28:06 / All) Treacherous: We shall salt your fields
(28:22 / All) Treacherous: No grain shall ever grow from your lands, you will perish under our yoke
(30:04 / All) GG-DEWEY-CROWE: much obiged
(30:17 / All) IntrnetSUCKSnow: it says it damages enemy buildings
(30:21 / All) IntrnetSUCKSnow: did it even do that, wtf
(30:42 / All) IntrnetSUCKSnow: Red, you are worse than the naga sea witch
(31:20 / All) Dblbarrel: all nerd rage here
(31:22 / All) IntrnetSUCKSnow: brilliance aura, for brilliant players
(31:33 / All) IntrnetSUCKSnow: who rather have +1 or 2 armour rather than healing and invulnerability
(32:57 / All) GG-DEWEY-CROWE: lawl
(33:26 / All) GG-DEWEY-CROWE: figures tornado stops me
(34:58 / All) GG-DEWEY-CROWE: lawl
(35:07 / All) GG-DEWEY-CROWE: how long until they get it
(35:13 / All) IntrnetSUCKSnow: you can control tornado
(35:27 / All) GG-DEWEY-CROWE: i knew that from teh 5 times i used her
(35:51 / All) IntrnetSUCKSnow: I don't have vision of you
(36:50 / All) IntrnetSUCKSnow: friendly?
(36:59 / All) GG-DEWEY-CROWE: friendly
(37:15 / All) IntrnetSUCKSnow: I'm glad someone on this map is
(37:21 / All) IntrnetSUCKSnow: after dealing with red
(37:24 / All) IntrnetSUCKSnow: He is not friendly
(38:15 / All) IntrnetSUCKSnow: pro hero perch
(38:49 / All) GG-DEWEY-CROWE: i remember me and ricethebackstab got into a game randomly and made it 3 hours with heros perched on norht wall of murgoaloasis
(39:03 / All) IntrnetSUCKSnow: Friends was decent for perching
(39:04 / All) GG-DEWEY-CROWE: it looked wierd
(39:08 / All) IntrnetSUCKSnow: I remember once perching there on 4v4
(39:22 / All) Treacherous: I liked perching there with NE
(39:25 / All) Treacherous: starfall and hippos
(40:00 / All) IntrnetSUCKSnow: I offer these peasants as sacrifice to the pit lord
(41:20 / All) bibiche25: you all high right?
(41:27 / All) bibiche25: like really high?
(41:30 / All) IntrnetSUCKSnow: FRIENDLY ON THE PERCH?
(41:51 / All) GG-DEWEY-CROWE: take of frost arrows lets have a dps duel
(41:53 / All) Treacherous: From where you're sitting this must look like a 24-carrat turn of bad luck
(41:59 / All) Treacherous: But the truth is
(42:06 / All) Treacherous: This game was rigged from the start
(42:07 / All) IntrnetSUCKSnow: the game was rigged from the start
(42:55 / All) Treacherous: My accomplices purple, yellow and myself have been working in collusion from before the game even began
(43:02 / All) Treacherous: None of you ever had a chance
(43:17 / All) IntrnetSUCKSnow: oops
(43:19 / All) bibiche25: ohhh that some pretty nice stuff
(43:29 / All) Treacherous: 5 to be paypaled to yellow, 5 to my self
(43:30 / All) IntrnetSUCKSnow: 2 easy payments of $5
(43:48 / All) IntrnetSUCKSnow: Mana shield looks cool
(43:51 / All) IntrnetSUCKSnow: even though it sucks
(44:05 / All) bibiche25: if you suck my balls i would love too
(44:06 / All) Treacherous: That's interesting, what is my IP address then?
(44:11 / All) Treacherous: Haven't heard that one before
(44:41 / All) Treacherous: Red tell everyone my IP address
(44:43 / All) IntrnetSUCKSnow: sea witch does a lot of damage
(44:47 / All) IntrnetSUCKSnow: that's the only good thing about it
(44:55 / All) GG-DEWEY-CROWE: red says he knows ur address?
(45:10 / All) Treacherous: In 2 days we will be without working computers he says
(45:23 / All) GG-DEWEY-CROWE: red im no twith them
(45:31 / All) GG-DEWEY-CROWE: im just a random guy
(45:49 / All) Treacherous: Purple is the ringleader
(45:52 / All) GG-DEWEY-CROWE: no
(45:54 / All) Treacherous: He's the one you should be after
(45:59 / All) Treacherous: He put us all up to this
(46:06 / All) GG-DEWEY-CROWE: red ur the best playe rim sorry these guys ruined it
(46:13 / All) Treacherous: He has us blackmailed, we're like his Warcraft slaves
(46:14 / All) IntrnetSUCKSnow: I can confirm it
(46:19 / All) IntrnetSUCKSnow: Purple is the ringleader
(46:26 / All) Treacherous: Hack purple's computer and leave us out of it
(46:55 / All) GG-DEWEY-CROWE: ive done nothin gwerong i still watch cartoons
(47:27 / All) Treacherous: Purple has our IP too, that's how he has us by the balls
(47:35 / All) Treacherous: Hack his computer and free us, you'lre our only hope
(47:47 / All) IntrnetSUCKSnow: please
(47:51 / All) IntrnetSUCKSnow: help us
(49:17 / All) IntrnetSUCKSnow: mana shield is only good if you want to instantly lose all your mana for some reason
(49:22 / All) IntrnetSUCKSnow: worst spell ever
(49:57 / All) Treacherous: latency hack is legit
(50:08 / All) IntrnetSUCKSnow: it adds so much to fun
(50:11 / All) IntrnetSUCKSnow: I don't use it for any advantage
(50:25 / All) IntrnetSUCKSnow: didn't realise I had last buildings
(50:26 / All) Treacherous: it's big adv doe